Map: Blueshift LE

Players

Stats

  • Race: Protoss Protoss
  • League: Grandmaster
  • Spawn Location: 7:00

SpeCial - Winner!

  • Race: Terran Terran
  • League: Grandmaster
  • Spawn Location: 1:00

Event: IEM Season 13 - Katowice Server Qualifiers America

VOD

Have the link to the VOD?

Description

Time

  • Played on: Jan. 6, 2019, 5:15 p.m.
  • Length: 12:35

All games in this series

Show
View Real Time Build Order
Export as new Build Order

Stats Protoss 

Build Orders: 1 Gate Expand, Phoenix Opening, Blink Stalkers, Colossus Rush 

Get SALT Encoding   

  12  0:00  Probe  
  13  0:13  Probe  
  14  0:17  Pylon  
  14  0:24  Probe  
  15  0:32  Probe  
  15  0:37  Gateway  
  15  0:40  Probe  
  16  0:45  Assimilator  
  17  0:51  Probe  
  18  1:03  Probe  
  19  1:15  Probe  
  20  1:24  Cybernetics Core  
  20  1:25  Zealot  
  22  1:37  Nexus  
  22  1:44  Pylon  
  22  1:47  Probe  
  22  1:52  Assimilator, Stalker  
  23  2:05  Warp Gate  
  23  2:06  Probe  
  25  2:18  Probe  
  26  2:23  Stalker  
  26  2:25  Pylon  
  28  2:31  Probe  
  29  2:41  Probe  
  30  2:45  Probe  
  30  2:49  Probe  
  31  2:53  Probe  
  31  2:54  Sentry  
  31  2:57  Probe  
  35  3:03  Probe  
  36  3:09  Twilight Council  
  36  3:11  Probe  
  38  3:16  Probe  
  38  3:20  Stalker  
  38  3:22  Probe  
  39  3:27  Phoenix  
  39  3:28  Probe  
  39  3:30  Probe  
  40  3:39  Gateway  
  40  3:40  Probe x2  
  42  3:47  Robotics Facility  
  42  3:48  Blink  
  43  3:52  Probe x2  
  45  4:04  Probe x2  
  47  4:14  Pylon  
  47  4:16  Probe  
  47  4:17  Probe  
  49  4:19  Pylon  
  49  4:22  Shield Battery  
  49  4:23  Gateway  
  49  4:28  Probe  
  49  4:29  Probe  
  51  4:32  Assimilator x2  
  51  4:35  Observer  
  52  4:42  Probe x2  
  52  4:44  Robotics Bay  
  54  4:55  Stalker x2  
  54  4:56  Probe  
  54  4:57  Probe  
  54  4:59  Immortal  
  60  5:07  Shield Battery  
  60  5:12  Pylon  
  60  5:14  Pylon  
  64  5:24  Stalker x2  
  64  5:25  Stalker  
  70  5:29  Colossus  
  74  5:48  Pylon  
  74  5:49  Pylon  
  74  5:52  Stalker x2  
  74  5:55  Stalker  
  80  6:15  Probe  
  80  6:16  Observer, Probe  
  82  6:19  Forge  
  82  6:20  Forge  
  83  6:29  Nexus, Probe x2  
  83  6:30  Pylon  
  85  6:35  Colossus  
  87  6:41  Protoss Ground Weapons Level 1, Protoss Ground Armor Level 1  
  81  6:54  Extended Thermal Lance  
  81  6:57  Probe x2  
  81  7:16  Gateway  
  81  7:18  Gateway  
  81  7:20  Colossus, Gateway  
  81  7:25  Charge  
  87  7:30  Probe x2  
  87  7:36  Stalker  
  87  7:37  Stalker x2  
  93  7:41  Probe  
  93  7:42  Probe x2  
  93  7:43  Shield Battery  
  98  7:53  Probe  
  98  7:54  Probe x2  
  101  8:05  Colossus, Pylon  
  101  8:17  Probe x3  
  101  8:19  Assimilator x2  
  110  8:20  Observer  
  110  8:21  Pylon, Protoss Ground Weapons Level 2, Protoss Ground Armor Level 2  
  110  8:27  Pylon  
  110  8:29  Probe x2  
  110  8:30  Probe  
  113  8:38  Shield Battery  
  113  8:43  Photon Cannon  
  113  8:44  Photon Cannon  
  113  8:46  Photon Cannon  
  113  8:48  Photon Cannon  
  113  8:51  Shield Battery  
  113  8:53  Warp Prism  
  113  8:54  Zealot x6  
  129  9:06  Gravitic Drive  
  129  9:07  Observer  
  127  9:23  Zealot x6  
  139  9:27  Templar Archives  
  139  9:40  Observer  
  140  9:46  Pylon  
  140  9:48  Pylon  
  140  9:50  Pylon  
  140  9:51  Nexus  
  140  9:52  Psionic Storm  
  140  9:54  Pylon  
  140  9:58  Pylon  
  140  10:02  Stargate  
  140  10:05  High Templar x4  
  148  10:08  Immortal  
  148  10:10  Pylon  
  152  10:18  Zealot x2  
  146  10:41  Sentry x2  
  146  10:42  Sentry  
  150  10:44  Stalker x3  
  154  10:53  Immortal  
  157  11:09  Zealot x5  
  157  11:10  Zealot  
  169  11:22  Archon  
  169  11:23  Archon  
  105  11:35  Zealot x5  
  105  11:37  Immortal  
  95  11:40  Pylon  
  91  11:49  Gateway  
  91  11:50  Gateway  
  90  11:56  Sentry x2  
  90  11:57  Stalker x3  
  97  12:07  Gateway  
  97  12:10  Gateway  
  79  12:23  Zealot  
  79  12:24  Zealot x4  
Show
View Real Time Build Order
Export as new Build Order

SpeCial Terran - Winner!

Build Orders:  

Get SALT Encoding   

  12  0:00  SCV  
  13  0:12  SCV  
  14  0:17  Supply Depot  
  14  0:24  SCV  
  15  0:38  SCV  
  15  0:39  Barracks  
  16  0:45  Refinery  
  16  0:51  SCV  
  16  0:55  Refinery  
  17  1:03  SCV  
  18  1:15  SCV  
  19  1:28  Reaper  
  19  1:29  Orbital Command  
  20  1:38  Supply Depot  
  20  1:46  Factory  
  20  1:55  SCV  
  20  2:00  Reaper  
  22  2:07  SCV  
  23  2:19  Command Center  
  23  2:21  SCV  
  26  2:30  Hellion  
  26  2:37  SCV, Starport  
  27  2:49  SCV, Supply Depot  
  27  2:51  Barracks Reactor  
  28  2:52  Factory Tech Lab  
  28  3:01  SCV  
  29  3:13  SCV  
  29  3:16  Cyclone  
  32  3:27  Marine x2, SCV  
  32  3:28  Starport Tech Lab  
  32  3:32  Orbital Command  
  34  3:39  SCV  
  35  3:45  Marine x2  
  37  3:50  Banshee  
  37  3:51  SCV, Siege Tank  
  44  3:58  SCV  
  44  4:01  Supply Depot  
  45  4:03  SCV  
  45  4:04  Marine x2  
  46  4:10  SCV  
  46  4:15  SCV  
  48  4:22  SCV  
  48  4:23  Siege Tank  
  52  4:24  Supply Depot  
  52  4:26  Marine x2  
  52  4:28  SCV  
  55  4:33  Banshee  
  55  4:34  SCV  
  59  4:45  SCV  
  60  4:46  Barracks, SCV  
  60  4:47  Barracks  
  60  4:51  Marine x2  
  63  4:57  SCV, Supply Depot  
  63  4:58  SCV, Siege Tank  
  68  5:09  Marine, SCV  
  68  5:12  Supply Depot  
  70  5:16  Supply Depot  
  70  5:18  Marine  
  70  5:19  SCV  
  72  5:26  SCV  
  72  5:27  Marine, Supply Depot  
  74  5:30  Engineering Bay  
  74  5:31  SCV  
  75  5:36  Marine  
  73  5:44  Command Center  
  73  5:47  SCV x2  
  73  5:49  Marine  
  73  5:50  Starport Reactor  
  73  5:53  Supply Depot  
  73  5:54  Marine, Refinery  
  73  5:55  Marine  
  73  5:56  Marine, Stimpack  
  73  6:07  SCV x2  
  73  6:10  Marine  
  60  6:12  Marine, Bunker  
  60  6:14  Marauder x2  
  60  6:16  Terran Infantry Weapons Level 1  
  62  6:19  SCV  
  62  6:20  Refinery  
  62  6:23  SCV  
  62  6:24  Supply Depot  
  64  6:29  Combat Shield  
  64  6:31  Marine x2  
  58  6:48  Marauder x2, SCV, Medivac  
  58  6:49  Marine x2  
  67  6:54  Medivac  
  67  7:01  Orbital Command  
  67  7:11  Marine x2  
  67  7:12  Marauder x2  
  67  7:13  SCV x2  
  74  7:17  Barracks  
  74  7:25  Barracks, Orbital Command  
  74  7:26  Factory Reactor  
  74  7:29  Marine x2  
  76  7:33  Marauder x2  
  76  7:34  Medivac x2  
  76  7:36  SCV x2  
  86  7:39  Supply Depot  
  86  7:47  Marine x2  
  86  7:48  SCV x2  
  90  7:53  SCV  
  90  7:55  Starport  
  90  7:56  Marauder x2  
  95  8:00  SCV x2  
  95  8:01  Supply Depot x2  
  95  8:05  Marine x2, SCV  
  99  8:12  SCV x2  
  102  8:14  Factory Reactor  
  102  8:18  Viking x2, SCV  
  107  8:20  Marine x2, Barracks Tech Lab  
  107  8:22  Marine  
  107  8:23  Marine  
  107  8:24  SCV x2, Terran Infantry Armor Level 1  
  113  8:28  Supply Depot  
  113  8:30  Ghost Academy  
  113  8:31  SCV  
  114  8:35  Missile Turret  
  114  8:36  SCV  
  114  8:37  Marine  
  114  8:38  Marine, Marauder  
  114  8:39  Marauder  
  114  8:40  Marine x2  
  123  8:42  SCV  
  123  8:43  SCV  
  123  8:45  Supply Depot  
  125  8:50  Viking x2  
  125  8:55  Supply Depot  
  129  8:57  Supply Depot  
  129  9:03  Marine x4  
  129  9:04  Ghost x2  
  129  9:09  Supply Depot  
  136  9:20  Viking x2  
  136  9:21  Viking  
  136  9:22  Marine x4  
  146  9:26  Supply Depot  
  146  9:30  Viking  
  148  9:36  Supply Depot  
  148  9:39  Marine, Marauder x3, Supply Depot  
  148  9:40  Marine x3  
  158  9:49  Concussive Shells  
  158  9:50  Viking  
  160  9:55  Supply Depot  
  160  9:57  Marine  
  160  9:58  Marine x3  
  164  10:01  Marauder x3, Viking  
  172  10:15  Marine x2, Viking  
  172  10:16  Marine  
  172  10:20  Marine  
  172  10:22  Marauder x3  
  178  10:33  Marine x2  
  177  10:38  Marine  
  174  10:43  Marauder  
  174  10:44  Marauder x2  
  179  10:51  Marine x2  
  179  10:56  Marine  
  181  10:59  Viking  
  183  11:04  Marine  
  183  11:05  Marauder x2  
  183  11:09  Marine x2  
  190  11:13  Marine  
  191  11:23  Marauder  
  149  11:26  Marine x2, Marauder  
  149  11:27  Marine  
  149  11:31  Marine  
  112  11:44  Marine x2, Marauder x2  
  105  11:48  Marauder  
  105  11:49  Marine  
  108  12:02  Marine x2  
  108  12:05  Marauder  
  108  12:06  Marauder  
  108  12:07  Marine  
  115  12:09  Marauder  

Tags
 
Add a new tag
Caveats
  • Supply blocks, unpowered buildings, or Contaminate may cause inaccurate times.
  • Supply counts are checked every 10 seconds.